 Dungeon Crawl Stone Soup version 0.30.0-10-gfe55d96785 (webtiles) character file.

Game seed: 17368401336482905830

6 Esekla the Grave Robber (level 1, 0/9 HPs)
             Began as a Vine Stalker Necromancer on May 14, 2023.
             Slain by a hobgoblin (2 damage)
             ... on level 1 of the Dungeon.
             The game lasted 00:01:50 (258 turns).

Esekla the Grave Robber (Vine Stalker Necromancer)   Turns: 258, Time: 00:01:51

Health: 0/9        AC:  2    Str: 10    XL:     1   Next: 90%
Magic:  0/4        EV: 12    Int: 15    God:
Gold:   43         SH:  0    Dex: 14    Spells: 3/4 levels left

rFire   . . .        b - +0 dagger
rCold   . . .        (no shield)
rNeg    . . .        a - +0 robe
rPois   .            (no helmet)
rElec   .            (no cloak)
rCorr   .            (no gloves)
SInv    .            (no boots)
Will    .....        (no amulet)
Stlth   ++           (no ring)
HPRegen 0.21/turn    (no ring)
MPRegen 0.09/turn

%: guardian spirit
@: no status effects
A: fangs 2, magic shield, antimagic bite, no potion heal 2
a: no special abilities


You were on level 1 of the Dungeon.
You visited 1 branch of the dungeon, and saw 1 of its levels.

You collected 43 gold pieces.

Inventory:

Hand Weapons
 b - a +0 dagger (weapon)
Armour
 a - a +0 robe (worn)


   Skills:
 * Level 0.1 Fighting
 + Level 1.5 Dodging
 + Level 2.4 Stealth
 * Level 2.3 Spellcasting
 + Level 4.1 Necromancy


You had 3 spell levels left.
You knew the following spells:

 Your Spells              Type           Power      Damage    Failure   Level
a - Necrotise             Necr           56%        1d6       3%          1

Your spell library contained the following spells:

 Spells                   Type           Power      Damage    Failure   Level
 Vampiric Draining        Necr           14%        2d7       12%         3
 Animate Dead             Necr           14%        N/A       36%         4
 Agony                    Necr           14%        N/A       71%         5


Dungeon Overview and Level Annotations

Branches:
Dungeon (1/15)

Altars:


Innate Abilities, Weirdness & Mutations

You have extremely sharp teeth.
When hurt, damage is shared between your health and your magic reserves.
Your bite disrupts and absorbs the magic of your enemies.
Potions cannot restore your health.


Message History

The kobold shouts!
You barely miss the kobold. You bite the kobold.
You kill the kobold!
You drop a potion of magic.
You drop a scroll labelled LOENGO ZISYWO.
You are now empty-handed.
You drop a +0 whip.
Things that are here:
a +0 dagger; a kobold corpse
b - a +0 dagger
b - a +0 dagger (weapon)
You open the door.
There is an open door here.
You now have 43 gold pieces (gained 3).
A kobold and a hobgoblin come into view.
The kobold shouts!
You hit the kobold but do no damage. Your bite misses the kobold.
The kobold barely misses you.
The hobgoblin shouts!
You hit the kobold. You bite the kobold.
You kill the kobold!
You barely miss the hobgoblin. Your bite misses the hobgoblin.
The hobgoblin hits you.
You hit the hobgoblin.
You bite the hobgoblin, but do no damage.
The hobgoblin is lightly wounded.
The hobgoblin closely misses you.
You hit the hobgoblin but do no damage.
The hobgoblin is lightly wounded.
The hobgoblin hits you.
You hit the hobgoblin but do no damage. You punch the hobgoblin.
The hobgoblin is moderately wounded.
The hobgoblin hits you.
You hit the hobgoblin.
The hobgoblin is severely wounded.
The hobgoblin hits you.
* * * LOW HITPOINT WARNING * * *
You barely miss the hobgoblin.
The hobgoblin is severely wounded.
The hobgoblin hits you.
You die...

...<...####...
#......#.....
.......##......
#......+.....
#.....###.....##
#......#..... ###+###
#......# #..##'###....
#.....# #.##...##....
#.....# ###.....##... .#
#....# ##.#†).#.###.
...##....######.8.8.8.8.##.
#....#...g@..#...........#
.........###.'.....).....+
.....##..# ###...........#
#### #..## ##.8.8.8.8.##
#..g## ##.#...#.## ###..
##.....## ##.. #...## #g.
#+## #..


You could see a hobgoblin.

Vanquished Creatures
  An endoplasm (D:1)
  3 kobolds (D:1)
  A frilled lizard (D:1)
  A rat (D:1)
6 creatures vanquished.

Notes
Turn   | Place    | Note
-------+----------+-------------------------------------------
     0 | D:1      | Esekla the Vine Stalker Necromancer began the quest for the
                  | Orb.
     0 | D:1      | Reached XP level 1. HP: 9/9 MP: 4/4
   258 | D:1      | Slain by a hobgoblin

Illustrated notes

Levels and vault maps discovered:
D:1:      onia_arrival_pentagram, layout_basic,
          shapermc_ecumenical_altar_starsandcircs, minmay_misc_feat_rows,
          serial_bayou_pond_a, dk_noncrumbling_3, nicolae_wormholes

Action                     || total
---------------------------++-------
  Melee: Unarmed           ||    15
         Dagger            ||     8
         Bite              ||     8
         Whip              ||     6
         Punch             ||     1
   Stab: Sleeping          ||     1
 Armour: Robe              ||     4
  Dodge: Dodged            ||    10
